 Dungeon Crawl Stone Soup version 0.29-a0-362-g5854e031c7 (webtiles) character file.

Game seed: 6783649865916880339

2017 Artihs the Skirmisher (level 9, -9/69 HPs)
             Began as a Human Fighter on Apr 29, 2022.
             Mangled by Duvessa
             ... wielding a +0 short sword
              (15 damage)
             ... on level 6 of the Dungeon.
             The game lasted 00:51:43 (7176 turns).

Artihs the Skirmisher (Human Fighter)               Turns: 7176, Time: 00:51:44

Health: -9/69      AC:  9    Str: 16    XL:     9   Next: 46%
Magic:  13/13      EV: 10    Int:  9    God:
Gold:   377        SH:  5    Dex: 17    Spells: 13/14 levels left

rFire   . . .      SeeInvis .   D - +2 dagger (vamp)
rCold   . . .      Faith    .   c - +0 buckler
rNeg    . . .      Spirit   .   b - +0 scale mail
rPois   .          Reflect  .   n - +0 helmet
rElec   .          Harm     .   (no cloak)
rCorr   .          Rampage  .   z - +0 pair of gloves
Will    .....                   (no boots)
Stlth   ..........              (no amulet)
HPRegen 0.21/turn               (no ring)
MPRegen 0.13/turn               (no ring)

@: no status effects
A: no striking features
a: no special abilities


You were on level 6 of the Dungeon.
You visited 1 branch of the dungeon, and saw 6 of its levels.
You also visited: Sewer.

You collected 377 gold pieces.

Inventory:

Hand Weapons
 a - a +0 long sword
 j - a +1 antimagic dagger
 k - a +0 falchion
 l - a +0 morningstar
 r - a +2 short sword of venom
 t - a +0 dire flail of draining
 y - a +2 short sword of freezing
 D - a +2 vampiric dagger (weapon)
 F - a +0 short sword of holy wrath
 H - a +1 mace of holy wrath
 I - a +0 long sword
Missiles
 G - 3 atropa-tipped darts (quivered)
 J - a curare-tipped dart
 M - 10 poisoned darts
Armour
 b - a +0 scale mail (worn)
 c - a +0 buckler (worn)
 n - a +0 helmet (worn)
 w - a +1 leather armour of cold resistance
 z - a +0 pair of gloves (worn)
Scrolls
 f - 2 scrolls of magic mapping
 g - a scroll of acquirement {unknown}
 h - 2 scrolls of vulnerability
 i - a scroll of teleportation
 p - 5 scrolls of noise
 q - a scroll of enchant weapon {unknown}
 x - 3 scrolls of silence
 A - 2 scrolls of summoning
 L - a scroll of amnesia {unknown}
Potions
 d - 2 potions of might
 e - a potion of attraction {unknown}
 m - 2 potions of experience {unknown}
 o - a potion of magic {unknown}
 s - a potion of mutation {unknown}
 u - a potion of ambrosia {unknown}
 v - a potion of cancellation {unknown}
 B - a potion of heal wounds
 C - 2 potions of invisibility {unknown}
 E - a potion of brilliance {unknown}
 K - a potion of lignification {unknown}


   Skills:
 * Level 5.8 Fighting
 + Level 3.4(5.1) Short Blades
 * Level 5.7(6.2) Long Blades
 - Level 0.5 Axes
 + Level 3.0 Throwing
 + Level 4.8 Armour
 + Level 3.3 Dodging
 + Level 4.9 Shields
 + Level 3.1 Spellcasting


You had 13 spell levels left.
You knew the following spells:

 Your Spells              Type           Power      Damage    Failure   Level
a - Slow                  Hex            4%         N/A       78%         1

Your spell library contained the following spells:

 Spells                   Type           Power      Damage    Failure   Level
 Sublimation of Blood     Necr           1%         N/A       89%         2
 Confusing Touch          Hex            1%         N/A       98%         3
 Summon Guardian Golem    Hex/Summ       1%         N/A       98%         3
 Vampiric Draining        Necr           1%         2d6       98%         3
 Petrify                  Tmut/Erth      1%         N/A       100%        4
 Irradiate                Conj/Tmut      0%         3d13      100%        5
 Orb of Destruction       Conj           0%         9d5       100%        7
 Spellforged Servitor     Conj/Summ      0%         N/A       100%        7


Dungeon Overview and Level Annotations

Branches:
Dungeon (6/15)              Sewer (visited)
 Temple: D:4-7

Altars:
The Shining One

Annotations:
D:4 2 transporters, test's ghost, amateur HOHu
D:6 Duvessa


Message History

You hit Duvessa.
Duvessa is moderately wounded.
Duvessa hits you with a +0 short sword.
You closely miss Duvessa.
Duvessa is moderately wounded.
Duvessa hits you but does no damage.
You hit Duvessa.
Duvessa looks as sick as possible!
Duvessa is heavily wounded.
Duvessa hits you with a +0 short sword. Duvessa hits you but does no damage.
You hit Duvessa.
Duvessa looks as sick as possible!
Duvessa is heavily wounded.
Duvessa completely misses you.
You hit Duvessa.
Duvessa looks as sick as possible!
Duvessa is heavily wounded.
Duvessa hits you with a +0 short sword!
Duvessa is nearby!
You hit Duvessa.
Duvessa looks as sick as possible!
Duvessa is heavily wounded.
Duvessa hits you with a +0 short sword. Duvessa barely misses you.
Your +2 short sword of venom stops dripping with poison.
You feel a sense of dread.
D - a +2 vampiric dagger (weapon)
You hit Duvessa but do no damage.
Duvessa is severely wounded.
Duvessa barely misses you. Duvessa closely misses you.
You hit Duvessa.
Duvessa is almost dead.
Duvessa hits you with a +0 short sword!
* * * LOW HITPOINT WARNING * * *
You hit Duvessa.
You feel better.
Duvessa is almost dead.
Duvessa hits you with a +0 short sword.
* * * LOW HITPOINT WARNING * * *
You barely miss Duvessa.
Duvessa is almost dead.
Duvessa hits you but does no damage.
You hit Duvessa but do no damage.
Duvessa is almost dead.
Duvessa hits you with a +0 short sword!
You die...

#....# #.##.# #.##.#
#.##.# ##### ##.##.#
...#####....#.#.##.#
.........###.##.##.###
#.#.#####....)..†)).....
......)@(...÷)..)###.###
#.####.e#...####.# #.#
#.(##### #.# #.# #..#
#.# #.# #..# #.# #.#
#..# #.# #.# >... ...
..# #..# ##.## #.#


You could see Duvessa (berserk, extremely poisoned).

Vanquished Creatures
  Eustachio (D:4)
  Edmund (D:6)
  A water moccasin (D:5)
  A black bear (D:6)
  2 ice beasts
  An ogre (D:6)
  3 phantoms
  3 kobold brigands
  A scorpion (D:6)
  Dowan (D:6)
  4 hounds
  3 orc priests
  3 jellies
  5 orc wizards
  Natasha (thrice) (D:3)
  Robin (D:3)
  3 gnolls (D:3)
  11 adders
  A shadow imp (D:5)
  A dart slug (D:2)
  26 orcs
  6 ball pythons
  5 bats
  5 endoplasms
  7 giant cockroaches
  11 goblins
  9 hobgoblins
  8 jackals
  22 kobolds
  6 quokkas
  6 frilled lizards
  15 rats
176 creatures vanquished.

Vanquished Creatures (others)
  7 plants
7 creatures vanquished.

Grand Total: 183 creatures vanquished

Notes
Turn   | Place    | Note
-------+----------+-------------------------------------------
     0 | D:1      | Artihs the Human Fighter began the quest for the Orb.
     0 | D:1      | Reached XP level 1. HP: 18/18 MP: 1/1
   321 | D:1      | Reached XP level 2. HP: 23/24 MP: 2/2
  1135 | D:2      | Reached XP level 3. HP: 11/29 MP: 3/3
  1356 | D:2      | Found a faded altar of an unknown god.
  2050 | D:2      | Reached XP level 4. HP: 35/35 MP: 4/4
  2148 | D:3      | Learned a level 1 spell: Slow
  2242 | D:3      | Noticed Natasha
  2251 | D:3      | Killed Natasha
  2252 | D:3      | Reached skill level 1 in Short Blades
  2360 | D:3      | Reached XP level 5. HP: 22/41 MP: 6/6
  2366 | D:3      | Reached skill level 1 in Dodging
  2577 | D:3      | Reached skill level 1 in Spellcasting
  2932 | D:3      | Noticed Robin
  2984 | D:3      | Killed Robin
  3240 | D:3      | Noticed Natasha
  3260 | D:3      | Killed Natasha
  3261 | D:3      | Reached XP level 6. HP: 12/47 MP: 7/7
  3614 | D:3      | Noticed Natasha
  3624 | D:3      | Killed Natasha
  3954 | D:4      | Found a glowing golden altar of the Shining One.
  3973 | D:4      | Found a transporter.
  3977 | D:4      | Noticed test's ghost (amateur HOHu)
  4318 | D:4      | Found a transporter.
  4378 | D:4      | Noticed Eustachio
  4434 | D:4      | Killed Eustachio
  4435 | D:4      | Reached skill level 1 in Throwing
  4435 | D:4      | Reached XP level 7. HP: 51/54 MP: 9/9
  4598 | D:5      | Entered Level 5 of the Dungeon
  4842 | D:5      | Found a glowing drain.
  4878 | Sewer    | Entered a sewer
  5072 | Sewer    | Reached XP level 8. HP: 43/61 MP: 11/11
  6388 | D:5      | Reached skill level 5 in Fighting
  6651 | D:6      | Reached skill level 5 in Long Blades
  6729 | D:6      | Reached XP level 9. HP: 64/68 MP: 13/13
  7012 | D:6      | Noticed Edmund
  7025 | D:6      | Killed Edmund
  7150 | D:6      | Noticed Dowan
  7151 | D:6      | Noticed Duvessa
  7156 | D:6      | Killed Dowan
  7176 | D:6      | Mangled by Duvessa

Illustrated notes

Levels and vault maps discovered:
D:1:      minmay_arrival_shoal_huts, layout_basic, serial_bayou_lake_a
D:2:      layout_loops_ring, shapermc_ecumenical_altar_mp_ritualfount,
          minmay_rat_gold_closets
D:3:      layout_basic, uniq_natasha, uniq_robin
D:4:      layout_cave_pools, tso_oasis_becter, gammafunk_ghost_arena,
          solitary_fountain, chequers_serial_rivers_small_b, uniq_eustachio
D:5:      layout_loops_ring, portal_sewer_entry_f
D:6:      layout_loops_ring, mainiacjoe_overflow_catwalk_spiral, serial_glass,
          glass_columns_a, glass_columns_a, supply_closet_lemuel,
          uniq_prince_ribbit1, uniq_duvessa, uniq_edmund

Skill      XL: |  1  2  3  4  5  6  7  8  9 |
---------------+----------------------------+-----
Short Blades   | 1 2 3 |  3.4
Dodging        | 1 2 3 |  3.3
Long Blades    | 3 4 5 |  5.7
Spellcasting   | 1 2 3 |  3.1
Fighting       | 4 5 |  5.8
Throwing       | 1 2 3 |  3.0
Shields        | 4 |  4.9
Armour         | 4 |  4.8
Axes           | |  0.5

Action                   |  1- 3 |  4- 6 |  7- 9 || total
-------------------------+-------+-------+-------++-------
Melee: Long sword        |   108 |   204 |       ||   312
       Short sword       |       |    12 |   297 ||   309
       Dagger            |       |       |     5 ||     5
Throw: Dart              |       |     3 |    37 ||    40
       Boomerang         |       |    34 |    83 ||   117
  Use: Scroll            |       |     7 |     1 ||     8
       Potion            |       |     2 |     2 ||     4
 Stab: Invisible         |       |       |     2 ||     2
Armor: Scale mail        |    37 |   127 |   117 ||   281
Dodge: Dodged            |    42 |   128 |    95 ||   265
Block: Buckler           |    23 |    52 |    58 ||   133

Table legend: (Time is in decaauts)
 A = Elapsed time spent in this place.
 B = Non-inter-level travel time spent in this place.
 C = Inter-level travel time spent in this place.
 D = Time resting spent in this place.
 E = Time spent auto-exploring this place.
 F = Levels seen in this place.
 G = Mean time per level.
                   A        B        C        D        E       F      G
               +--------+--------+--------+--------+--------+-----+--------+
         Total |   7368 |   6798 |    570 |   2528 |   2724 |   7 | 1052.6 |
       Dungeon |   6971 |   6401 |    570 |   2447 |   2604 |   6 | 1161.8 |
         Sewer |    397 |    397 |      0 |     81 |    120 |   1 |  397.0 |
               +--------+--------+--------+--------+--------+-----+--------+

Top non-repeatable levels by time:
     D:3: 1843 daAuts
     D:5: 1680 daAuts
     D:2: 1131 daAuts
     D:1: 1082 daAuts
     D:4: 700 daAuts
     D:6: 532 daAuts
   Sewer: 397 daAuts
